 Dungeon Crawl Stone Soup version 0.31-a0-232-gb1c03b2570 (webtiles) character file.

Game seed: 16189124519012550214

123 protoss039 the Digger (level 4, 0/33 HPs)
             Began as a Demonspawn Earth Elementalist on July 7, 2023.
             Slain by Grinder (2 damage)
             ... on level 3 of the Dungeon.
             The game lasted 00:03:15 (2464 turns).

protoss039 the Digger (DsEE)                        Turns: 2464, Time: 00:03:15

Health: 0/33       AC:  5    Str:  8    XL:     4   Next: 79%
Magic:  2/8        EV: 12    Int: 19    God:
Gold:   159        SH:  0    Dex: 13    Spells: 3/9 levels left

rFire   . . .        h - +1 short sword (venom)
rCold   . . .        (no shield)
rNeg    . . .        i - +2 robe {Will+}
rPois   .            (no helmet)
rElec   .            (no cloak)
rCorr   .            (no gloves)
SInv    .            (no boots)
Will    +....        (no amulet)
Stlth   ++           (no ring)
HPRegen 0.25/turn    (no ring)
MPRegen 0.22/turn

%: no passive effects
@: no status effects
A: claws 1, rugged brown scales 1, magic regeneration
a: no special abilities


You were on level 3 of the Dungeon.
You visited 1 branch of the dungeon, and saw 3 of its levels.

You collected 159 gold pieces.

Inventory:

Hand Weapons
 h - a +1 short sword of venom (weapon)
Armour
 i - a +2 robe of willpower (worn)
Wands
 n - a wand of charming (1)
Scrolls
 a - a scroll of silence {unknown}
 d - 2 scrolls of identify {unknown}
 e - a scroll of teleportation {unknown}
 g - 2 scrolls of vulnerability {unknown}
 j - 2 scrolls of enchant weapon {unknown}
Potions
 b - a potion of magic
 c - a potion of haste {unknown}
 f - a potion of curing {unknown}
 k - a potion of ambrosia {unknown}
 l - 2 potions of enlightenment {unknown}
 m - 2 potions of invisibility {unknown}


   Skills:
 + Level 2.2 Fighting
 - Level 1.7 Dodging
 - Level 1.7 Stealth
 + Level 3.0 Spellcasting
 + Level 1.3 Conjurations
 - Level 0.8 Transmutations
 + Level 3.4 Earth Magic


You had 3 spell levels left.
You knew the following spells:

 Your Spells              Type           Power      Damage    Failure   Level
a - Sandblast             Erth           32%        2d9       3%          1
b - Passwall              Tmut/Erth      9%         N/A       10%         2
c - Stone Arrow           Conj/Erth      24%        3d8       17%         3

Your spell library contained the following spells:

 Spells                   Type           Power      Damage    Failure   Level
 Kiss of Death            Conj/Necr      20%        2d7       12%         1
 Sting                    Tmut/Pois      16%        1d3       13%         1
 Cigotuvi's Dreadful Rot  Necr/Pois/Air  4%         N/A       22%         2
 Poisonous Vapours        Pois/Air       4%         N/A       22%         2
 Ignite Poison            Fire/Tmut/Pois 3%         N/A       38%         3
 Confusing Touch          Hex            2%         N/A       41%         3
 Petrify                  Tmut/Erth      11%        N/A       52%         4
 Dispel Undead            Necr           2%         3d7       83%         4
 Olgreb's Toxic Radiance  Pois           2%         N/A       83%         4
 Freezing Cloud           Conj/Ice/Air   2%         6-21      98%         5


Dungeon Overview and Level Annotations

Branches:
Dungeon (3/15) Zot: 15501

Altars:
Uskayaw

Annotations:
D:3 Grinder


Innate Abilities, Weirdness & Mutations

You have sharp fingernails.
You are partially covered in rugged brown scales. (AC +1, +3% HP)
You regenerate magic rapidly.


Message History

Unknown command.
Casting: Stone Arrow (quite dangerous; 17% risk of failure)
Confirm with . or Enter, or press ? or * to list all spells.
Aiming: Sandblast (safe; 3% risk of failure)
Press: ? - help, Shift-Dir - straight line, f/p - Grinder
Aim: Grinder (lightly wounded, 80% to hit)
The blast of sand hits Grinder but does no damage.
Grinder is lightly wounded.
Unknown command.
Casting: Sandblast (safe; 3% risk of failure)
Confirm with . or Enter, or press ? or * to list all spells.
Aiming: Sandblast (safe; 3% risk of failure)
Press: ? - help, Shift-Dir - straight line, f/p - Grinder
Aim: Grinder (lightly wounded, 80% to hit)
The blast of sand hits Grinder.
Grinder is moderately wounded.
Grinder gestures at you.
You suddenly lose the ability to move!
Grinder hits you but does no damage. Grinder hits you but does no damage.
Grinder hits you!
You writhe in agony.
Grinder hits you.
You writhe in agony.
* * * LOW HITPOINT WARNING * * *
Grinder says, "You look like you could use a good racking."
Grinder hits you.
* * * LOW HITPOINT WARNING * * *
You can move again.
Unknown command.
Unknown command.
Okay, then.
Okay, then.
Casting: Sandblast (safe; 3% risk of failure)
Confirm with . or Enter, or press ? or * to list all spells.
The spell is quite dangerous to miscast (17% risk of failure)!
Continue anyway?
Aiming: Stone Arrow (quite dangerous; 17% risk of failure)
Press: ? - help, Shift-Dir - straight line, f/p - Grinder
Aim: Grinder (moderately wounded, 64% to hit)
The stone arrow hits Grinder!
Grinder is severely wounded.
Grinder hits you.
You die...

....# #..# ..... ....#
##.# ..... ....# #.#
#..... ##### #.## #......
#..# ....... ##.#
#.......... #.# #.........
#.######5.......
######......@.......
#.>.....###..#......
#.####......## .....
#####.###...##### #.###
#.....##...## #.#
#.###....#.# #####.#####
......####.#####.†.......#
#######..................#
#.......<..........#


You could see Grinder.

Vanquished Creatures
  Jessica (D:2)
  4 adders
  A dart slug (D:2)
  An orc (D:3)
  4 endoplasms (D:1)
  A giant cockroach (D:1)
  6 goblins
  3 hobgoblins
  9 jackals (D:1)
  11 kobolds
  2 quokkas (D:2)
  2 ball pythons
  3 bats
  3 frilled lizards
  5 rats
56 creatures vanquished.

Notes
Turn   | Place    | Note
-------+----------+-------------------------------------------
     0 | D:1      | protoss039 the Demonspawn Earth Elementalist began the
                  | quest for the Orb.
     0 | D:1      | Reached XP level 1. HP: 13/13 MP: 3/3
   249 | D:1      | Gained mutation: You are partially covered in rugged brown
                  | scales. (AC +1, +3% HP) [demonic ancestry]
   249 | D:1      | Reached XP level 2. HP: 14/20 MP: 3/5
   357 | D:1      | Reached skill level 1 in Fighting
   560 | D:1      | Gained mutation: You regenerate magic rapidly. [demonic
                  | ancestry]
   560 | D:1      | Reached XP level 3. HP: 15/26 MP: 1/6
  1400 | D:1      | Learned a level 2 spell: Passwall
  1404 | D:1      | Learned a level 3 spell: Stone Arrow
  1582 | D:2      | Gained mutation: You have sharp fingernails. [demonic
                  | ancestry]
  1582 | D:2      | Reached XP level 4. HP: 26/33 MP: 4/8
  1611 | D:2      | Noticed Jessica
  1615 | D:2      | Killed Jessica
  1616 | D:2      | Reached skill level 1 in Conjurations
  2019 | D:3      | Noticed Grinder
  2138 | D:3      | Found a hide-covered altar of Uskayaw.
  2459 | D:3      | Paralysed by Grinder for 5 turns
  2463 | D:3      | HP: 1/33 [Grinder (5)]
  2464 | D:3      | Slain by Grinder

Illustrated notes

Levels and vault maps discovered:
D:1:      heliophobic_arrival_ceremonial_halls, layout_basic
D:2:      layout_rooms, uniq_jessica
D:3:      layout_rooms, nicolae_uskayaw_dance_hall, uniq_grinder

Skill      XL: |  1  2  3  4 |
---------------+-------------+-----
Fighting       | 1 2 |  2.2
Earth Magic    | 3 |  3.4
Conjurations   | 1 |  1.3
Spellcasting   | 3 |  3.0
Dodging        | |  1.7
Stealth        | |  1.7
Transmutations | |  0.8

Action                     |  1- 3 |  4- 6 || total
---------------------------+-------+-------++-------
  Melee: Dagger            |    42 |       ||    42
         Unarmed           |     1 |       ||     1
         Short sword       |     4 |    20 ||    24
   Cast: Sandblast         |    57 |    13 ||    70
         Stone Arrow       |       |     3 ||     3
   Stab: Sleeping          |     1 |     1 ||     2
 Armour: Robe              |    23 |     6 ||    29
  Dodge: Dodged            |    53 |    20 ||    73

Table legend: (Time is in decaauts)
 A = Elapsed time spent in this place.
 B = Non-inter-level travel time spent in this place.
 C = Inter-level travel time spent in this place.
 D = Time resting spent in this place.
 E = Time spent auto-exploring this place.
 F = Levels seen in this place.
 G = Mean time per level.
                   A        B        C        D        E       F      G
               +--------+--------+--------+--------+--------+-----+--------+
         Total |   2497 |   2409 |     88 |      0 |   2006 |   3 |  832.3 |
       Dungeon |   2497 |   2409 |     88 |      0 |   2006 |   3 |  832.3 |
               +--------+--------+--------+--------+--------+-----+--------+

Top non-repeatable levels by time:
     D:1: 1425 daAuts
     D:2: 547 daAuts
     D:3: 524 daAuts
